 Dungeon Crawl Stone Soup version 0.27-a0-1256-gced786f65e (webtiles) character file.

Game seed: 9409243070274957070

38 zezblit the Gusty (level 3, 0/14 HPs)
             Began as a Felid Air Elementalist on June 10, 2021.
             Slain by a goblin
             ... wielding a +0 club
             ... led by Robin
              (4 damage)
             ... on level 1 of the Dungeon.
             The game lasted 00:09:53 (2102 turns).

zezblit the Gusty (Felid Air Elementalist)          Turns: 2102, Time: 00:09:55

Health: 0/14       AC:  1    Str:  4    XL:     3   Next: 25%
Magic:  4/7        EV: 17    Int: 17    God:
Gold:   41         SH:  0    Dex: 16    Spells: 0/6 levels left
                                        Lives:  0   Deaths: 0

rFire    . . .     SeeInvis +   (weapon unavailable)
rCold    . . .     Faith    .   (shield unavailable)
rNeg     . . .     Spirit   .   (armour unavailable)
rPois    +         Reflect  .   (helmet unavailable)
rElec    .         Harm     .   (cloak unavailable)
rCorr    .         Rampage  .   (gloves unavailable)
Will     .....                  (boots unavailable)
Stlth    ++........             (no amulet)
HPRegen  0.04/turn              a - ring of poison resistance
MPRegen  0.10/turn              (no ring)

@: quick
A: very small, claws 1, fangs 3, see invisible, speed 1, shaggy fur 1, stealthy
paws, no weapons or thrown items, no armour, multi-lived
a: no special abilities


You were on level 1 of the Dungeon.
You visited 1 branch of the dungeon, and saw 2 of its levels.

You collected 41 gold pieces.

Inventory:

Jewellery
 a - a ring of poison resistance (left paw)
Potions
 h - a potion of haste
 i - a potion of resistance {unknown}
 k - a potion of mutation {unknown}


   Skills:
 + Level 2.8 Dodging
 + Level 3.2 Stealth
 + Level 0.1 Unarmed Combat
 + Level 2.3 Spellcasting
 + Level 1.1 Conjurations
 * Level 3.3 Air Magic


You couldn't memorise any spells.
You knew the following spells:

 Your Spells              Type           Power      Damage    Failure   Level
a - Shock                 Conj/Air       36%        1d5       8%          1
b - Static Discharge      Conj/Air       9%         N/A       11%         2
c - Swiftness             Air            13%        N/A       14%         3

Your spell library contained the following spells:

 Spells                   Type           Power      Damage    Failure   Level
 Airstrike                Air            6%         N/A       43%         4
 Lightning Bolt           Conj/Air       4%         1d16      90%         5


Dungeon Overview and Level Annotations

Branches:
Dungeon (2/15)

Altars:

Annotations:
D:2 Robin


Innate Abilities, Weirdness & Mutations

You have sharp claws.
You have razor-sharp teeth.
You have supernaturally acute eyesight. (SInv)
You cover ground quickly. (Speed+)
You are covered in fur. (AC +1)
Your paws help you pounce on unaware monsters.
You are incapable of wielding weapons or throwing items.
You cannot wear armour.
You gain extra lives every three experience levels.


Message History

There is a stone staircase leading up here.
Aiming: Shock (safe; 8% risk of failure)
Press: ? - help, Q - select action, (/) - cycle Shift-Dir - straight line, f - goblin
Aim: a goblin, wielding a +0 dagger (60% to hit)
The zap hits the goblin.
The goblin is moderately wounded.
Aiming: Shock (safe; 8% risk of failure)
Press: ? - help, Q - select action, (/) - cycle Shift-Dir - straight line, f - Robin, p - goblin
Aim: Robin, wielding a +0 whip, wearing a +0 animal skin and wearing a +0 helmet (77% to hit)
The zap misses the goblin.
The zap hits Robin.
Robin is moderately wounded.
Aiming: Shock (safe; 8% risk of failure)
Press: ? - help, Q - select action, (/) - cycle Shift-Dir - straight line, f/p - Robin
Aim: Robin, wielding a +0 whip, wearing a +0 animal skin and wearing a +0 helmet (moderately wounded, 77% to hit)
You miscast Shock.
You are very lightly contaminated with residual magic.
Nothing appears to happen.
A hobgoblin comes into view.
The goblin hits you with a +0 dagger. The goblin hits you with a +0 club.
You climb upwards.
There is a stone staircase leading down here.
You closely miss the goblin.
The goblin is moderately wounded.
The goblin barely misses you. The goblin misses you.
You scratch the goblin.
You kill the goblin!
The goblin hits you with a +0 club.
You barely miss the goblin. Your bite misses the goblin.
The goblin hits you with a +0 club.
* * * LOW HITPOINT WARNING * * *
You barely miss the goblin. The goblin closely misses you.
Your magical contamination has completely faded away.
You barely miss the goblin. The goblin barely misses you.
You closely miss the goblin. The goblin completely misses you.
Aiming: Shock (safe; 8% risk of failure)
Press: ? - help, Q - select action, (/) - cycle Shift-Dir - straight line, f - goblin
Aim: a goblin, wielding a +0 club (60% to hit)
The zap misses the goblin.
The goblin hits you with a +0 club.
You die...

#..........##......
#..........####..##
#..############..#
######....§§≈.....##..#
#.......#######.#.##..#
#.###...# #...##..##
#.# ###.### #..###....
#.# #)#.# #..# ##...
#.# #@#.# #..# #... #.#
#g#.# #..# ##.# #####.#
#.#.# #..# #.# ##...>.#
#.#.# #..# #.#
##...#### #.#.# #..#
#.# ##.#.#.#######.#.#
#..# #.#
#..............#.# #.(#
#.# ##.#.#.######..#.#
#..# #.# #....## #..#.#
#.(#####.#


You could see a goblin.

Vanquished Creatures
  3 ball pythons (D:1)
  6 bats
  2 endoplasms (D:2)
  2 giant cockroaches
  5 goblins
  2 hobgoblins (D:1)
  3 jackals (D:2)
  5 kobolds
  3 frilled lizards (D:1)
  5 rats (D:1)
36 creatures vanquished.

Notes
Turn   | Place    | Note
-------+----------+-------------------------------------------
     0 | D:1      | zezblit the Felid Air Elementalist began the quest for the
                  | Orb.
     0 | D:1      | Reached XP level 1. HP: 7/7 MP: 4/4
    91 | D:1      | Reached XP level 2. HP: 7/11 MP: 1/6
   579 | D:1      | Learned a level 2 spell: Static Discharge
   621 | D:1      | Found a faded altar of an unknown god.
  1496 | D:2      | Reached XP level 3. HP: 9/14 MP: 0/7
  1789 | D:2      | Reached skill level 1 in Conjurations
  1853 | D:2      | Learned a level 3 spell: Swiftness
  1855 | D:2      | Noticed Robin
  2102 | D:1      | Slain by a goblin

Illustrated notes

Levels and vault maps discovered:
D:1:      dpeg_arrival_arbitrary_b, layout_loops_ring,
          ebering_ecumenical_altar_abandoned, corexii_corridor_pit
D:2:      layout_rooms, chequers_serial_rivers_micro_a, uniq_robin

Skill      XL: |  1  2  3 |
---------------+----------+-----
Stealth        | 3 |  3.2
Air Magic      | 3 |  3.3
Conjurations   | 1 |  1.1
Dodging        | |  2.8
Unarmed Combat | |  0.1
Spellcasting   | |  2.3

Action                   || total
-------------------------++-------
Melee: Unarmed           ||    28
       Bite              ||     3
 Cast: Shock             ||    57
  Use: Scroll            ||     7
       Potion            ||     1
Armor: Skin              ||     3
Dodge: Dodged            ||    40

Table legend: (Time is in decaauts)
 A = Elapsed time spent in this place.
 B = Non-inter-level travel time spent in this place.
 C = Inter-level travel time spent in this place.
 D = Time resting spent in this place.
 E = Time spent auto-exploring this place.
 F = Levels seen in this place.
 G = Mean time per level.
                   A        B        C        D        E       F      G
               +--------+--------+--------+--------+--------+-----+--------+
         Total |   1928 |   1827 |    101 |    925 |    658 |   2 |  964.0 |
       Dungeon |   1928 |   1827 |    101 |    925 |    658 |   2 |  964.0 |
               +--------+--------+--------+--------+--------+-----+--------+

Top non-repeatable levels by time:
     D:1: 1460 daAuts
     D:2: 468 daAuts
